 Dungeon Crawl Stone Soup version 0.27-a0-1301-g128193abf8 (webtiles) character file.

Game seed: 7744647892987325356

102 freelancePsychic the Vexing (level 4, 0/35 HPs)
             Began as a Demonspawn Arcane Marksman on June 17, 2021.
             Succumbed to an adder's poison
             ... on level 2 of the Dungeon.
             The game lasted 00:04:22 (2927 turns).

freelancePsychic the Vexing (DsAM)                  Turns: 2927, Time: 00:04:23

Health: 0/35       AC:  2    Str: 11    XL:     4   Next: 49%
Magic:  5/5        EV: 12    Int: 15    God:
Gold:   64         SH:  0    Dex: 13    Spells: 4/5 levels left

rFire    . . .     SeeInvis .   b - +0 dagger
rCold    . . .     Faith    .   (no shield)
rNeg     . . .     Spirit   .   d - +0 robe
rPois    .         Reflect  .   (helmet restricted)
rElec    .         Harm     .   (no cloak)
rCorr    .         Rampage  .   (no gloves)
Will     .....                  (no boots)
Stlth    +.........             (no amulet)
HPRegen  0.11/turn              (no ring)
MPRegen  0.09/turn              (no ring)

@: lethally poisoned (0 -> -5)
A: horns 2
a: no special abilities


You were on level 2 of the Dungeon.
You visited 1 branch of the dungeon, and saw 3 of its levels.

You collected 64 gold pieces.

Inventory:

Hand Weapons
 a - a +0 shortbow
 b - a +0 dagger (weapon)
Missiles
 c - 15 arrows
Armour
 d - a +0 robe (worn)
Scrolls
 g - 2 scrolls of noise


   Skills:
 + Level 3.0 Fighting
 * Level 1.2 Short Blades
 - Level 1.7 Bows
 - Level 3.0 Dodging
 - Level 1.0 Spellcasting
 - Level 3.0 Hexes


You had 4 spell levels left.
You knew the following spells:

 Your Spells              Type           Power      Damage    Failure   Level
a - Corona                Hex            10%        N/A       7%          1

Your spell library contained the following spells:

 Spells                   Type           Power      Damage    Failure   Level
 Slow                     Hex            9%         N/A       11%         2
 Ensorcelled Hibernation  Hex/Ice        10%        N/A       21%         2
 Confusing Touch          Hex            9%         N/A       22%         3
 Tukima's Dance           Hex            9%         N/A       22%         3
 Dazzling Flash           Conj/Hex       10%        N/A       36%         3
 Inner Flame              Hex/Fire       5%         N/A       36%         3
 Portal Projectile        Hex/Tloc       10%        N/A       36%         3
 Cause Fear               Hex            4%         N/A       56%         4
 Leda's Liquefaction      Hex/Erth       2%         N/A       78%         4


Dungeon Overview and Level Annotations

Branches:
Dungeon (3/15)

Altars:

Shops:
D:2 ?**((


Innate Abilities, Weirdness & Mutations

You have a pair of horns on your head.


Message History

The adder is moderately wounded.
The adder barely misses you. The adder bites you.
You are poisoned.
The adder poisons you!
Fire: 16 arrows
Press: ? - help, Q - select action, (/) - cycle Shift-Dir - straight line, f/p - adder
Aim: an adder (moderately wounded, 38% to hit)
You shoot an arrow. The arrow closely misses the adder.
You feel sick. The adder bites you.
* * * LOW HITPOINT WARNING * * *
You are lethally poisoned!
The adder poisons you!
You feel better. The adder bites you. The adder closely misses you.
b - a +0 dagger (weapon)
You hit the adder.
The adder is severely wounded.
The adder bites you.
* * * LOW HITPOINT WARNING * * *
You are poisoned.
The adder poisons you! The adder misses you.
You hit the adder.
The adder is almost dead.
You feel sick. The adder misses you.
You closely miss the adder. Your headbutt misses the adder.
The adder is almost dead.
You feel sick. The adder barely misses you.
You barely miss the adder.
The adder is almost dead.
You feel sick. The adder bites you.
* * * LOW HITPOINT WARNING * * *
You are lethally poisoned!
The adder poisons you!
You hit the adder.
You kill the adder!
* * * LOW HITPOINT WARNING * * *
You feel sick.
Your Fighting skill increases to level 3!
* * * LOW HITPOINT WARNING * * *
You feel sick.
You die...

#.##..#
#.....####
#....∩...#
#.###....#
###.###..###
#........#
#.......######
#.......##.(.#
#...........@#
##.......##...#
##
#..##.##.##...#
.#
#.###.##.######
.# #.# #.##....#
.###.###.##...##
..(..#......###
.#####.#.####
.#.....#.#


There were no monsters in sight!

Vanquished Creatures
  4 adders (D:2)
  A dart slug (D:2)
  3 orcs (D:3)
  3 ball pythons
  2 bats
  11 endoplasms
  A giant cockroach (D:1)
  3 goblins
  2 hobgoblins
  9 jackals (D:1)
  5 kobolds
  3 quokkas
  5 frilled lizards
  A rat (D:2)
53 creatures vanquished.

Notes
Turn   | Place    | Note
-------+----------+-------------------------------------------
     0 | D:1      | freelancePsychic the Demonspawn Arcane Marksman began the
                  | quest for the Orb.
     0 | D:1      | Reached XP level 1. HP: 15/15 MP: 2/2
   113 | D:1      | Gained mutation: You have a pair of small horns on your
                  | head. [demonic ancestry]
   113 | D:1      | Reached XP level 2. HP: 19/21 MP: 3/3
   662 | D:1      | Gained mutation: You have a pair of horns on your head.
                  | [demonic ancestry]
   662 | D:1      | Reached XP level 3. HP: 13/27 MP: 4/4
  1315 | D:1      | Found a faded altar of an unknown god.
  1331 | D:2      | Found Gohun's Assorted Antiques.
  1334 | D:2      | Found Umeghico's Weapon Shop.
  1449 | D:2      | Found Vuuriaxt's General Store.
  1474 | D:2      | Found Oceizaru's Magic Scroll Emporium.
  1859 | D:2      | Found Gurujof's Antique Weapon Shop.
  2204 | D:2      | Reached XP level 4. HP: 22/34 MP: 5/5
  2905 | D:3      | Reached skill level 1 in Short Blades
  2926 | D:2      | HP: 1/35 [poisoned by an adder]
  2927 | D:2      | Succumbed to an adder's poison

Illustrated notes

Levels and vault maps discovered:
D:1:      beargit_arrival_greenhouse, layout_basic,
          dilly_ecumenical_altar_fadedgnrine
D:2:      minmay_angry_zag, layout_rooms, serial_shops, shop_scrolls,
          shop_statue, nicolae_shop_stone, shop, nicolae_square_shop
D:3:      layout_rooms, pf_just_have_faith, general_overflow_altar,
          serial_shops, nicolae_diamond_shop, chequers_arboretum

Skill      XL: |  1  2  3  4 |
---------------+-------------+-----
Dodging        | 2 3 |  3.0
Fighting       | 2 3 |  3.0
Short Blades   | 1 |  1.2
Bows           | |  1.7
Spellcasting   | |  1.0
Hexes          | |  3.0

Action                   |  1- 3 |  4- 6 || total
-------------------------+-------+-------++-------
Melee: Dagger            |    81 |    25 ||   106
       Headbutt          |    10 |     2 ||    12
 Fire: Shortbow          |    58 |    16 ||    74
  Use: Scroll            |     3 |     1 ||     4
       Potion            |       |     1 ||     1
 Stab: Sleeping          |     1 |     1 ||     2
       Distracted        |     1 |       ||     1
Armor: Robe              |    16 |     3 ||    19
Dodge: Dodged            |    77 |    27 ||   104

Table legend: (Time is in decaauts)
 A = Elapsed time spent in this place.
 B = Non-inter-level travel time spent in this place.
 C = Inter-level travel time spent in this place.
 D = Time resting spent in this place.
 E = Time spent auto-exploring this place.
 F = Levels seen in this place.
 G = Mean time per level.
                   A        B        C        D        E       F      G
               +--------+--------+--------+--------+--------+-----+--------+
         Total |   2938 |   2894 |     44 |    123 |   2358 |   3 |  979.3 |
       Dungeon |   2938 |   2894 |     44 |    123 |   2358 |   3 |  979.3 |
               +--------+--------+--------+--------+--------+-----+--------+

Top non-repeatable levels by time:
     D:1: 1458 daAuts
     D:2: 1370 daAuts
     D:3: 109 daAuts
